[Event "November 21 Early 2023"]
[Site "https://www.chess.com"]
[Date "2023.11.21"]
[Round "4"]
[White "Kuznetsova, Olga"]
[Black "Shuvalova, Polina"]
[Result "1/2-1/2"]
[Board "93"]
[TimeControl "180+1"]
[WhiteFideId "4191323"]
[BlackFideId "24171760"]
[WhiteElo "2134"]
[BlackElo "2342"]
[WhiteTeam "RUS"]
[BlackTeam "RUS"]
[WhiteClock "0:00:12"]
[BlackClock "0:00:05"]

1. d4 Nf6 2. Nc3 d5 3. Bf4 a6 4. e3 h6 5. h3 c5 6. Nf3 Nc6 7. Be2 e6 8. O-O Be7 9. Ne5 O-O 10. a3 Nxe5 11. Bxe5 b5 12. Bf3 Bb7 13. dxc5 Bxc5 14. Ne2 Rc8 15. Ng3 Be7 16. b3 Qd7 17. Bb2 Rfd8 18. Rc1 a5 19. Qd4 a4 20. Rfd1 Qe8 21. Ne2 Qf8 22. g4 Bxa3 23. bxa4 Rc4 24. Bxa3 Qxa3 25. Qb6 Rd7 26. axb5 Qc5 27. Qxc5 Rxc5 28. c4 Kf8 29. cxd5 Rxc1 30. Rxc1 Nxd5 31. Bxd5 Bxd5 32. Nd4 Ke7 33. f4 g5 34. Kf2 Rb7 35. Kg3 Kd6 36. h4 f6 37. hxg5 hxg5 38. Rc8 Ra7 39. Rf8 Ke7 40. Rh8 Ra3 41. Kf2 Ra2+ 42. Ke1 e5 43. fxe5 fxe5 44. Nf5+ Ke6 45. Rh6+ Kf7 46. b6 Rb2 47. b7 Bxb7 48. Rh7+ Kg6 49. Rg7+ Kf6 50. Rd7 Bf3 51. Rd6+ Kf7 52. Kf1 Rb4 53. Nh6+ Kg7 54. Nf5+ Kf8 55. Rf6+ Ke8 56. Re6+ Kd7 57. Rxe5 Bxg4 58. Nd4 Rb1+ 59. Kf2 Rb2+ 60. Kg3 Bd1 61. Rxg5 Ba4 62. Kf4 Kd6 63. Ra5 Bd7 64. Ra6+ Ke7 65. Ke5 Rh2 66. Ra7 Rh5+ 67. Ke4 Rh4+ 68. Kd5 Rh5+ 69. Kc4 Kd6 70. e4 Re5 71. Ra6+ Ke7 72. Kd3 Rh5 73. Ke3 Rh3+ 74. Kf4 Rh4+ 75. Kf3 Rh3+ 76. Kf4 Rh4+ 77. Ke3 Rh3+ 78. Kf4 1/2-1/2

[Event "November 21 Early 2023"]
[Site "https://www.chess.com"]
[Date "2023.11.21"]
[Round "4"]
[White "Zakaryan, David"]
[Black "szachmistrz2500"]
[Result "1-0"]
[Board "94"]
[TimeControl "180+1"]
[WhiteFideId "24101923"]
[WhiteElo "2323"]
[BlackElo "2443"]
[WhiteTeam "RUS"]
[WhiteClock "0:00:24"]
[BlackClock "0:01:03"]

1. e4 c5 2. Nf3 d6 3. d4 cxd4 4. Nxd4 Nf6 5. Nc3 a6 6. Be3 e5 7. Nf3 h6 8. Bc4 Qc7 9. Qe2 b5 10. Nd5 Nxd5 11. Bxd5 Bb7 12. a4 b4 13. a5 Nd7 14. O-O Be7 15. Rfc1 Bxd5 16. exd5 O-O 17. c4 bxc3 18. Rxc3 Qb7 19. Rc6 Nf6 20. Qd2 Rab8 21. Bb6 Rfc8 22. Rac1 Qd7 23. h3 Bd8 24. Qc2 Rxc6 25. dxc6 Qc8 26. c7 Bxc7 27. Qxc7 Qxc7 28. Rxc7 e4 29. Nd4 d5 30. b4 Ne8 31. Rd7 Rc8 32. Rd8 Rxd8 33. Bxd8 Nd6 34. Bc7 Nc8 35. b5 axb5 36. Nxb5 Kf8 37. a6 Ke7 38. a7 Nxa7 39. Nxa7 d4 40. Bb6 d3 41. Be3 Kd6 42. Nb5+ Kd5 43. Nc3+ Ke5 44. g3 f5 45. h4 h5 46. Kf1 Kd6 47. Ke1 Ke5 48. Kd2 g6 49. Kc1 f4 50. Bxf4+ Kf5 51. Be3 Ke5 52. Kb2 1-0

[Event "November 21 Early 2023"]
[Site "https://www.chess.com"]
[Date "2023.11.21"]
[Round "4"]
[White "Diaz Perez, Michel Alejandro"]
[Black "Yeritsyan, Hayk"]
[Result "1-0"]
[Board "95"]
[TimeControl "180+1"]
[WhiteFideId "3517179"]
[BlackFideId "13307320"]
[WhiteElo "2398"]
[BlackElo "2130"]
[WhiteTeam "CUB"]
[BlackTeam "ARM"]
[WhiteClock "0:00:13"]
[BlackClock "0:00:01"]

1. e4 e6 2. d3 c5 3. Nd2 Nc6 4. Ngf3 d5 5. g3 Nf6 6. Bg2 Be7 7. O-O b5 8. Re1 a5 9. h4 a4 10. Qe2 Bb7 11. exd5 Nxd5 12. c4 bxc4 13. dxc4 Ndb4 14. Ne4 Qd3 15. a3 Qxe2 16. Rxe2 Nd3 17. Be3 O-O 18. Rd1 Rfd8 19. Red2 Nxb2 20. Rxd8+ Rxd8 21. Rb1 Rd1+ 22. Rxd1 Nxd1 23. Bxc5 Nb2 24. Nfd2 Ba6 25. Bxe7 Nxe7 26. c5 Kf8 27. Nd6 Nc8 28. Bc6 Ke7 29. Nxc8+ Bxc8 30. Kf1 Nd3 31. Bxa4 Nxc5 32. Bb5 Kd6 33. Ke2 Bb7 34. Ke3 Bc6 35. Nc4+ Kc7 36. Bxc6 Kxc6 37. Ne5+ Kd5 38. Nxf7 e5 39. f3 h6 40. h5 e4 41. fxe4+ Nxe4 42. g4 Nf6 43. Kf4 Ke6 44. Nd8+ Kd7 45. Nb7 Kc6 46. Na5+ Kb5 47. Nb3 Ka4 48. Nc5+ Kxa3 49. Ne6 Ne8 50. Kf5 Kb4 51. Kg6 Nf6 52. Kf5 Ne8 53. Nxg7 Nxg7+ 54. Kg6 Ne6 55. Kxh6 Kc5 56. Kg6 Kd6 57. h6 Nf4+ 58. Kf5 Nd5 59. h7 Ne7+ 60. Kf6 Nd5+ 61. Kg7 1-0

[Event "November 21 Early 2023"]
[Site "https://www.chess.com"]
[Date "2023.11.21"]
[Round "4"]
[White "Vedder, Richard"]
[Black "Sadykov, Ramil"]
[Result "0-1"]
[Board "96"]
[TimeControl "180+1"]
[WhiteFideId "1004166"]
[BlackFideId "24113590"]
[WhiteElo "2168"]
[BlackElo "2245"]
[WhiteTeam "NED"]
[BlackTeam "FID"]
[WhiteClock "0:01:22"]
[BlackClock "0:00:28"]

1. d4 d6 2. e4 Nf6 3. Nc3 e5 4. Nf3 Nbd7 5. Bc4 Be7 6. O-O O-O 7. h3 c6 8. a4 a5 9. Re1 Qc7 10. Be3 Re8 11. b3 exd4 12. Bxd4 Ne5 13. Nxe5 dxe5 14. Be3 Bb4 15. Bd2 Be6 16. Bd3 Rad8 17. Qf3 Nd7 18. Rad1 f6 19. Qe2 Qb6 20. Bc4 Nf8 21. Bxe6+ Nxe6 22. Qc4 Bc5 23. Be3 Bxe3 24. Rxe3 Rxd1+ 25. Nxd1 Qd4 26. Qxd4 Nxd4 27. c4 Rd8 28. Nb2 Nc2 29. Rd3 Rxd3 30. Nxd3 Nd4 31. Nc1 Kf7 32. f3 Ke6 33. Kf2 Kd6 34. Ke3 b5 35. cxb5 cxb5 36. axb5 Kc5 37. Kd3 Nxb5 38. Na2 Nd4 39. Kc3 Ne2+ 40. Kd3 Nf4+ 41. Kc3 Nxg2 42. b4+ axb4+ 43. Nxb4 Nf4 44. Nc2 Nxh3 45. Kd3 Nf4+ 46. Ke3 g6 47. Ne1 Kc4 48. Nc2 Kb3 49. Ne1 Kc3 0-1

[Event "November 21 Early 2023"]
[Site "https://www.chess.com"]
[Date "2023.11.21"]
[Round "4"]
[White "Osinovsky, Stepan"]
[Black "Ovetchkin, Roman"]
[Result "0-1"]
[Board "97"]
[TimeControl "180+1"]
[WhiteFideId "4157354"]
[BlackFideId "4119991"]
[WhiteElo "2222"]
[BlackElo "2381"]
[WhiteTeam "RUS"]
[BlackTeam "RUS"]
[WhiteClock "0:00:00"]
[BlackClock "0:00:45"]

1. e4 c6 2. d3 d5 3. Nd2 Qc7 4. Ngf3 Bg4 5. h3 Bh5 6. g3 e6 7. Bg2 Nf6 8. O-O Be7 9. c3 O-O 10. Re1 c5 11. Nf1 Nc6 12. Qa4 Rfd8 13. e5 Nd7 14. Bf4 b5 15. Qc2 Bg6 16. Nh4 Bxh4 17. gxh4 c4 18. Ng3 Nc5 19. h5 Bxd3 20. Qd2 Ne4 21. Bxe4 dxe4 22. h6 Nxe5 23. Re3 Qc5 24. hxg7 Nf3+ 25. Rxf3 exf3 26. Kh2 Bg6 27. Qe1 Rd3 28. h4 Rad8 29. Be3 Rxe3 30. fxe3 Qd5 31. Kh3 h5 32. e4 Qd2 33. Qg1 Rd3 34. Rf1 Qf4 35. Nxh5 f2+ 0-1

[Event "November 21 Early 2023"]
[Site "https://www.chess.com"]
[Date "2023.11.21"]
[Round "4"]
[White "FrenchHarvey"]
[Black "Miszler, Levente"]
[Result "0-1"]
[Board "98"]
[TimeControl "180+1"]
[BlackFideId "763276"]
[WhiteElo "2671"]
[BlackElo "2186"]
[BlackTeam "HUN"]
[WhiteClock "0:02:07"]
[BlackClock "0:02:06"]

1. e4 e6 2. d4 d5 3. e5 c5 4. c3 Nc6 5. Nf3 Bd7 6. Bd3 cxd4 7. O-O f6 8. exf6 Nxf6 9. cxd4 Bd6 10. Nc3 O-O 11. Re1 a6 12. Bg5 Qc7 13. Bh4 Ng4 14. Bg3 Bxg3 15. hxg3 Rf6 16. Bxh7+ Kxh7 17. Ng5+ Kg8 18. Qxg4 Raf8 19. Nf3 Qb6 20. Na4 Qb4 21. Nc5 Rxf3 22. gxf3 Nxd4 23. Nxd7 Nxf3+ 24. Kh1 Qxg4 0-1

[Event "November 21 Early 2023"]
[Site "https://www.chess.com"]
[Date "2023.11.21"]
[Round "4"]
[White "Wu, Derek"]
[Black "Mushini Ajay"]
[Result "1-0"]
[Board "99"]
[TimeControl "180+1"]
[WhiteFideId "30914558"]
[BlackFideId "35066188"]
[WhiteElo "2211"]
[BlackElo "2162"]
[WhiteTeam "USA"]
[BlackTeam "IND"]
[WhiteClock "0:00:19"]
[BlackClock "0:00:08"]

1. d4 Nf6 2. c4 e6 3. Nc3 Bb4 4. Qc2 O-O 5. Nf3 c5 6. dxc5 Bxc5 7. g3 d5 8. cxd5 exd5 9. Bg2 h6 10. O-O Nc6 11. a3 Qe7 12. Bf4 Bg4 13. Rfd1 Rfd8 14. Rac1 a6 15. h3 Bh5 16. Nh4 Nd4 17. Qd3 Bxe2 18. Nf5 Nxf5 19. Nxe2 Ne4 20. Rf1 Rac8 21. g4 Nh4 22. Bh1 f5 23. b4 Bxf2+ 24. Rxf2 Rxc1+ 25. Bxc1 Nxf2 26. Kxf2 fxg4 27. hxg4 d4 28. Bf4 Rf8 29. Kg3 g5 30. Bd5+ Kg7 31. Qxd4+ Kg6 32. Be4+ Kf7 33. Bd6 Qe6 34. Bd5 Re8 35. Bxe6+ Rxe6 36. Nc3 Rf6 37. Qd5+ Kg6 38. Be5 Rf3+ 39. Qxf3 Nxf3 40. Kxf3 1-0

[Event "November 21 Early 2023"]
[Site "https://www.chess.com"]
[Date "2023.11.21"]
[Round "4"]
[White "ploxoi"]
[Black "Skliarov, Viktor"]
[Result "1-0"]
[Board "100"]
[TimeControl "180+1"]
[BlackFideId "14106736"]
[WhiteElo "2420"]
[BlackElo "2304"]
[BlackTeam "UKR"]
[WhiteClock "0:00:08"]
[BlackClock "0:00:02"]

1. c4 e5 2. g3 Nf6 3. Bg2 c6 4. Nf3 e4 5. Nd4 d5 6. cxd5 Qxd5 7. Nc2 Qh5 8. h3 Bd6 9. Nc3 Qg6 10. Ne3 O-O 11. Qc2 Re8 12. g4 Na6 13. a3 Nc7 14. b4 a5 15. bxa5 h5 16. gxh5 Qxh5 17. Nxe4 Rxe4 18. Bxe4 Qe5 19. Nc4 Qxa1 20. Nxd6 Nxe4 21. Nxe4 Bf5 22. f3 Bxe4 23. fxe4 Rxa5 24. Qb2 Qxb2 25. Bxb2 Rb5 26. Bc1 Rb1 27. O-O Nb5 28. Kf2 Ra1 29. Bb2 Ra2 30. Rb1 f6 31. d3 Kf7 32. Ke3 Ke6 33. h4 g6 34. Bc1 Rc2 35. Bb2 Nd6 36. a4 b6 37. Bd4 c5 38. Bb2 Nc8 39. Bc1 Ra2 40. Bb2 Rxa4 41. Rf1 f5 42. h5 gxh5 43. exf5+ Kf7 44. Rg1 Rg4 45. Rxg4 hxg4 46. Kf4 Nd6 47. e4 b5 48. e5 Nc8 49. Kxg4 Ne7 50. e6+ Kf8 51. f6 Nd5 52. Kf5 c4 53. dxc4 bxc4 54. Ba3+ Kg8 55. f7+ 1-0

[Event "November 21 Early 2023"]
[Site "https://www.chess.com"]
[Date "2023.11.21"]
[Round "4"]
[White "AC_20"]
[Black "Agibileg, Uurtsaikh"]
[Result "1/2-1/2"]
[Board "101"]
[TimeControl "180+1"]
[BlackFideId "4901606"]
[WhiteElo "2378"]
[BlackElo "2288"]
[BlackTeam "MGL"]
[WhiteClock "0:00:06"]
[BlackClock "0:00:07"]

1. e4 e5 2. Nf3 Nc6 3. Bc4 Nf6 4. d3 Bc5 5. c3 d6 6. O-O a5 7. Bb5 O-O 8. d4 exd4 9. cxd4 Ba7 10. e5 dxe5 11. dxe5 Qxd1 12. Rxd1 Ng4 13. Bxc6 bxc6 14. Rd2 f6 15. exf6 Rxf6 16. h3 Nxf2 17. Rxf2 Bxh3 18. Kf1 Raf8 19. Nbd2 Bf5 20. Re2 Bd3 21. Ke1 Rh6 22. Kd1 Bxe2+ 23. Kxe2 Rh1 24. b3 Re8+ 25. Kd3 Re3+ 26. Kc2 Re2 27. Bb2 Rxa1 28. Bxa1 Rxg2 29. Kd3 h5 30. Be5 g5 31. Bxc7 h4 32. Ne4 h3 33. Nexg5 Rxa2 34. Nxh3 Ra3 35. Kc4 a4 36. bxa4 Rxf3 37. Nf4 Kf7 38. Nd3 Ke6 39. a5 Re3 40. Nb4 Re4+ 41. Kc3 Kd7 42. Bb6 Bxb6 43. axb6 Kc8 44. Nxc6 Kb7 45. Nd4 Kxb6 46. Kc4 Rh4 47. Kd5 Rg4 48. Kc4 Kc7 49. Kd5 Rh4 50. Kc4 Kd6 51. Kc3 Kd5 52. Nc2 Rh3+ 53. Kd2 Ke4 54. Nb4 Ra3 55. Nc2 Rb3 56. Ne1 Rb2+ 57. Nc2 Rb8 58. Kc3 Rc8+ 59. Kd2 Rc4 60. Ne3 Rd4+ 61. Ke2 Ra4 62. Nd1 Ra2+ 63. Ke1 Kf3 64. Kf1 Re2 65. Nc3 Re3 66. Nd1 Re8 67. Nf2 Ra8 68. Nd1 Ra2 69. Ke1 Re2+ 70. Kf1 Rh2 71. Ke1 Ke4 72. Nf2+ Ke3 73. Nd1+ Kf3 74. Nc3 Rc2 75. Nd1 Re2+ 76. Kf1 Rc2 77. Ke1 Rg2 78. Nc3 Ke3 79. Nd1+ Kf3 80. Kf1 Ra2 81. Ke1 Rh2 82. Nc3 Rc2 83. Nd1 1/2-1/2

[Event "November 21 Early 2023"]
[Site "https://www.chess.com"]
[Date "2023.11.21"]
[Round "4"]
[White "Yen, William"]
[Black "Tarasova, Viktoriya"]
[Result "1-0"]
[Board "102"]
[TimeControl "180+1"]
[WhiteFideId "30932025"]
[BlackFideId "4175840"]
[WhiteElo "1956"]
[BlackElo "2182"]
[WhiteTeam "USA"]
[BlackTeam "RUS"]
[WhiteClock "0:00:09"]
[BlackClock "0:00:01"]

1. e4 e5 2. Nc3 Nf6 3. f4 d5 4. fxe5 Nxe4 5. Qf3 f5 6. d3 Nxc3 7. bxc3 d4 8. c4 Nc6 9. Bf4 Bb4+ 10. Kf2 Be6 11. h4 O-O 12. h5 Kh8 13. Rb1 Rb8 14. Qg3 Be7 15. Nf3 Bg8 16. h6 g6 17. Ng5 Nb4 18. Rb2 b5 19. cxb5 Nd5 20. Nf3 Ne3 21. Be2 Ba3 22. Rbb1 Be7 23. e6 Ng4+ 24. Kf1 Bd6 25. Bxd6 cxd6 26. Qf4 Ne3+ 27. Kg1 Nxc2 28. Bd1 Ne3 29. Qxd4+ Qf6 30. Qxe3 Bxe6 31. Bb3 Bxb3 32. Rxb3 Rbe8 33. Qd4 Qxd4+ 34. Nxd4 Re3 35. Kf2 Rfe8 36. Rc1 f4 37. Rc7 Re1 38. Ra3 Rd1 39. Raxa7 Rxd3 40. Rxh7+ Kg8 41. Rag7+ Kf8 42. Rh8# 1-0

[Event "November 21 Early 2023"]
[Site "https://www.chess.com"]
[Date "2023.11.21"]
[Round "4"]
[White "komogro"]
[Black "Volkov, Maksim"]
[Result "0-1"]
[Board "103"]
[TimeControl "180+1"]
[BlackFideId "54123070"]
[WhiteElo "2339"]
[BlackElo "2293"]
[BlackTeam "RUS"]
[WhiteClock "0:00:00"]
[BlackClock "0:00:41"]

1. d4 Nf6 2. c4 e6 3. Nf3 d5 4. Nc3 c5 5. cxd5 cxd4 6. Qxd4 exd5 7. Bg5 Be7 8. e3 O-O 9. Be2 Nc6 10. Qa4 Be6 11. O-O h6 12. Bh4 Qb6 13. Qb5 Qxb5 14. Nxb5 Rac8 15. Rac1 g5 16. Bg3 Ne4 17. Rfd1 Kg7 18. a3 Rfd8 19. Nfd4 Nxg3 20. Nxe6+ fxe6 21. hxg3 Bf6 22. Bg4 Kf7 23. Nc3 Ne5 24. Be2 Nc4 25. Rb1 Rd7 26. Na4 b5 27. Nc3 a6 28. Bd3 Nxb2 29. Rxb2 Rxc3 30. Rc2 Rxa3 31. Rc6 Be7 32. Be2 Rd6 33. Rc7 b4 34. Rb7 b3 35. Rc1 Ra2 36. Rcc7 Rxe2 37. Rxe7+ Kf6 38. f4 b2 39. Rf7+ Kg6 0-1

[Event "November 21 Early 2023"]
[Site "https://www.chess.com"]
[Date "2023.11.21"]
[Round "4"]
[White "Piesik, Piotr"]
[Black "Hoffmann, Asa"]
[Result "1-0"]
[Board "104"]
[TimeControl "180+1"]
[WhiteFideId "1136194"]
[BlackFideId "2001470"]
[WhiteElo "2309"]
[BlackElo "2117"]
[WhiteTeam "CZE"]
[BlackTeam "USA"]
[WhiteClock "0:00:13"]
[BlackClock "0:00:15"]

1. Nf3 d6 2. d4 Bg4 3. Nbd2 Nd7 4. g3 c6 5. Bg2 e5 6. dxe5 dxe5 7. O-O Ngf6 8. e4 Bc5 9. h3 Bh5 10. Qe1 Qe7 11. Nb3 Bb6 12. a4 a5 13. Nh4 Bg6 14. Be3 Qb4 15. Bd2 Qc4 16. Bxa5 Bxa5 17. Nxa5 Qxc2 18. Nxb7 O-O 19. Nxg6 hxg6 20. Qc3 Qxc3 21. bxc3 Rfb8 22. Nd6 Rb3 23. a5 Nc5 24. Nc4 Nfd7 25. Rfc1 Kf8 26. f3 Ke7 27. Bf1 f5 28. exf5 gxf5 29. Ne3 g6 30. Bc4 Rb2 31. Rc2 Rxc2 32. Nxc2 e4 33. f4 Kd6 34. Nb4 Kc7 35. a6 e3 36. Kg2 Ne4 37. Bf7 Nxc3 38. Bxg6 e2 39. Nd3 Kd6 40. Bxf5 Nc5 41. Nxc5 Kxc5 42. Kf2 Kd4 43. a7 c5 44. h4 c4 45. h5 Nb5 46. Kxe2 Nd6 47. Bg6 c3 48. h6 Nc4 49. h7 Nd2 50. h8=Q+ Rxh8 51. a8=Q Rxa8 52. Rxa8 1-0

[Event "November 21 Early 2023"]
[Site "https://www.chess.com"]
[Date "2023.11.21"]
[Round "4"]
[White "Rose, Felix"]
[Black "Nagare Kaivalya Sandip"]
[Result "0-1"]
[Board "105"]
[TimeControl "180+1"]
[WhiteFideId "5105722"]
[BlackFideId "25957929"]
[WhiteElo "2039"]
[BlackElo "2024"]
[WhiteTeam "MEX"]
[BlackTeam "IND"]
[WhiteClock "0:00:12"]
[BlackClock "0:01:15"]

1. e4 e5 2. Nf3 Nc6 3. Bb5 a6 4. Ba4 Nf6 5. O-O b5 6. Bb3 Be7 7. Re1 O-O 8. h3 d6 9. c3 Na5 10. Bc2 c5 11. d4 Qc7 12. Nbd2 Re8 13. Nf1 Nc6 14. Be3 Bf8 15. Ng3 g6 16. a4 Rb8 17. axb5 axb5 18. d5 Na5 19. b3 Bg7 20. Qd2 Bd7 21. Ra2 c4 22. b4 Nb3 23. Bxb3 cxb3 24. Rb2 Qc4 25. Qe2 Qxc3 26. Reb1 Qc4 27. Nd2 Qxb4 28. Rxb3 Qa4 29. Rb4 Qa6 30. Nb3 Qa3 31. Bd2 Rec8 32. Be1 Ra8 33. Ra1 Qxa1 34. Nxa1 Rxa1 35. Kh2 h5 36. Nf1 Rcc1 37. Bd2 Rxf1 38. g3 Rh1+ 39. Kg2 Bxh3+ 40. Kf3 0-1

[Event "November 21 Early 2023"]
[Site "https://www.chess.com"]
[Date "2023.11.21"]
[Round "4"]
[White "Ahmad, Khagan"]
[Black "Minina, Veronika"]
[Result "1-0"]
[Board "106"]
[TimeControl "180+1"]
[WhiteFideId "13431552"]
[BlackFideId "4174780"]
[WhiteElo "2160"]
[BlackElo "1905"]
[WhiteTeam "AZE"]
[BlackTeam "RUS"]
[WhiteClock "0:00:08"]
[BlackClock "0:00:02"]

1. Nf3 Nf6 2. c4 g6 3. Nc3 Bg7 4. e4 d6 5. d4 O-O 6. Be2 Bg4 7. O-O Nfd7 8. Be3 Nc6 9. d5 Bxf3 10. gxf3 Na5 11. Qc2 c5 12. a3 Qc8 13. Rfc1 Ne5 14. Nb1 Qh3 15. Nd2 Rac8 16. Qd1 b6 17. b4 cxb4 18. axb4 Naxc4 19. Nxc4 Nxc4 20. Rxc4 Rxc4 21. Bxc4 Bxa1 22. Bf1 Qh5 23. Qxa1 Qxf3 24. Bh6 f6 25. Bxf8 Kxf8 26. Bg2 Qe2 27. Qc1 Kf7 28. Qe3 Qd1+ 29. Bf1 Qb1 30. b5 Kg7 31. Qd3 Qb2 32. Qc4 Qe5 33. Bd3 Qg5+ 34. Kf1 h5 35. Qc7 Kf7 36. Ke2 h4 37. Qxa7 Qg4+ 38. Ke3 Qg5+ 39. Ke2 Qg4+ 40. Ke1 Qg1+ 41. Bf1 Qxh2 42. Qxb6 Qe5 43. Qe3 Qa1+ 44. Ke2 Qb2+ 45. Kf3 Qe5 46. Kg2 g5 47. b6 h3+ 48. Kxh3 f5 49. exf5 Qxf5+ 50. Kg3 Kg7 51. Qc3+ Kh7 52. Bd3 Kg6 53. Bxf5+ Kxf5 54. b7 Kg6 55. b8=Q g4 56. Qg8+ 1-0

[Event "November 21 Early 2023"]
[Site "https://www.chess.com"]
[Date "2023.11.21"]
[Round "4"]
[White "Kuzhylnyi, Oleksandr"]
[Black "Mirzanurov, Bulat"]
[Result "0-1"]
[Board "107"]
[TimeControl "180+1"]
[WhiteFideId "34110500"]
[BlackFideId "4184521"]
[WhiteElo "2173"]
[BlackElo "2005"]
[WhiteTeam "UKR"]
[BlackTeam "RUS"]
[WhiteClock "0:00:00"]
[BlackClock "0:00:12"]

1. c4 e5 2. Nc3 Nf6 3. Nf3 Nc6 4. g3 Bb4 5. Bg2 O-O 6. O-O d6 7. Nd5 Nxd5 8. cxd5 Ne7 9. a3 Bc5 10. d4 exd4 11. Nxd4 Nf5 12. Nxf5 Bxf5 13. b4 Bb6 14. Bb2 a5 15. e4 Bg6 16. Kh1 Re8 17. Qd3 axb4 18. axb4 Rxa1 19. Bxa1 Qa8 20. f4 Qa2 21. f5 Bh5 22. Bf3 Bxf3+ 23. Qxf3 f6 24. Qd3 Qa4 25. Bd4 Qxb4 26. Bxb6 Qxb6 27. Rc1 Qb4 28. Rc4 Qe1+ 29. Kg2 Re7 30. h4 h6 31. Qf3 b5 32. Rd4 Qa1 33. Rd2 Qc1 34. Ra2 Qc4 35. Re2 b4 36. Re3 b3 37. Rxb3 Rxe4 38. Rb8+ Kh7 39. Kh3 Re1 40. Rb2 Qc1 41. Rh2 Rf1 42. Qg4 Qe3 43. Qg6+ Kh8 0-1

[Event "November 21 Early 2023"]
[Site "https://www.chess.com"]
[Date "2023.11.21"]
[Round "4"]
[White "Cueto, Jonny"]
[Black "Arhan_Anand"]
[Result "0-1"]
[Board "108"]
[TimeControl "180+1"]
[WhiteFideId "3300145"]
[WhiteElo "2155"]
[BlackElo "2643"]
[WhiteTeam "BOL"]
[WhiteClock "0:00:00"]
[BlackClock "0:00:34"]

1. d4 Nf6 2. Bf4 d5 3. e3 e6 4. Nf3 Bd6 5. Ne5 Nbd7 6. Nd2 O-O 7. c3 Qe7 8. Bd3 c5 9. Qf3 cxd4 10. exd4 g6 11. h4 Nh5 12. Bh2 Bxe5 13. dxe5 f6 14. exf6 Nhxf6 15. Qe2 e5 16. O-O-O e4 17. Bc2 Nc5 18. Nb3 b6 19. h5 Ba6 20. Qd2 Nd3+ 21. Kb1 Nxh5 22. Bxd3 Bxd3+ 23. Ka1 Bc4 24. Nd4 Rae8 25. b3 Bd3 26. Qe3 Qf6 27. Rxd3 exd3 28. Qxd3 Qxf2 29. Rd1 Re1 30. Nc6 Rxd1+ 31. Qxd1 Qc5 32. Ne5 Qxc3+ 33. Kb1 d4 34. Nc4 d3 35. Qg4 Rf1+ 0-1

[Event "November 21 Early 2023"]
[Site "https://www.chess.com"]
[Date "2023.11.21"]
[Round "4"]
[White "SeLaPegoACualquiera"]
[Black "SmirnovAlexandrA"]
[Result "1/2-1/2"]
[Board "109"]
[TimeControl "180+1"]
[WhiteElo "2173"]
[BlackElo "2641"]
[WhiteClock "0:00:19"]
[BlackClock "0:00:09"]

1. e4 c5 2. Nf3 d6 3. d4 cxd4 4. c3 d3 5. Bxd3 Nf6 6. e5 dxe5 7. Nxe5 Nbd7 8. Bf4 e6 9. O-O Be7 10. Bc2 O-O 11. Nd2 Nxe5 12. Bxe5 b6 13. Bxf6 Bxf6 14. Be4 Rb8 15. Nf3 Qc7 16. Qc2 g6 17. Rfd1 Ba6 18. h4 Rbd8 19. h5 Kg7 20. hxg6 hxg6 21. Rxd8 Rxd8 22. Rd1 Rxd1+ 23. Qxd1 Qc4 24. Bb1 Bb7 25. Qd3 Qf4 26. Qe3 Qg4 27. Bd3 e5 28. Bf1 Qe6 29. b3 Qf5 30. Bd3 Qg4 31. Bf1 e4 32. Nd4 Qg5 33. Qxg5 Bxg5 34. Bc4 a6 35. a4 f5 36. Nc2 Bd2 37. Nb4 Bxc3 38. Nxa6 Kf6 39. Nb8 Ke7 40. Bb5 Kd6 41. Nd7 Bd4 42. Nf8 g5 43. Ng6 f4 44. Kf1 Bd5 45. b4 Bc3 46. a5 bxa5 47. bxa5 Bxa5 48. Be2 Bf7 49. Nf8 Ke7 50. Nh7 Bg6 51. Nxg5 Kf6 52. Nh3 Bc7 53. f3 e3 54. g3 fxg3 55. Kg2 Bc2 56. f4 Be4+ 57. Bf3 Bxf3+ 58. Kxf3 Kf5 59. Kxe3 g2 60. Kf2 Bxf4 61. Kxg2 1/2-1/2

[Event "November 21 Early 2023"]
[Site "https://www.chess.com"]
[Date "2023.11.21"]
[Round "4"]
[White "Quirke, Jeffrey"]
[Black "Weetik, Vjacheslav"]
[Result "0-1"]
[Board "110"]
[TimeControl "180+1"]
[WhiteFideId "2013029"]
[BlackFideId "4153472"]
[WhiteElo "2224"]
[BlackElo "2469"]
[WhiteTeam "USA"]
[BlackTeam "RUS"]
[WhiteClock "0:00:14"]
[BlackClock "0:01:00"]

1. e4 c6 2. d4 d5 3. exd5 cxd5 4. Bd3 Nf6 5. c3 Bg4 6. Be2 Bxe2 7. Qxe2 Nc6 8. Nf3 e6 9. Bf4 Be7 10. O-O O-O 11. Nbd2 a6 12. a4 Rc8 13. Rfe1 Re8 14. h3 h6 15. Ne5 Nd7 16. Nxf7 Kxf7 17. Qxe6+ Kf8 18. Bxh6 Bf6 19. Qxe8+ Qxe8 20. Rxe8+ Rxe8 21. Be3 Na5 22. b4 Nc4 23. Nxc4 dxc4 24. a5 Bd8 25. Kf1 Nf6 26. Bf4 Nd5 27. Bd6+ Kf7 28. Rc1 Bg5 29. Rc2 Ke6 30. Be5 g6 31. g3 Kd7 32. Ke2 Bf6 33. f4 g5 34. Kf3 gxf4 35. Bxf4 Re1 36. h4 Rf1+ 37. Kg4 Rxf4+ 38. gxf4 Ne3+ 0-1

[Event "November 21 Early 2023"]
[Site "https://www.chess.com"]
[Date "2023.11.21"]
[Round "4"]
[White "Llorente Zaro, Alfonso"]
[Black "Pinheiro, Iung Alicio de O."]
[Result "1-0"]
[Board "111"]
[TimeControl "180+1"]
[WhiteFideId "2254131"]
[BlackFideId "2104350"]
[WhiteElo "2485"]
[BlackElo "2283"]
[WhiteTeam "ESP"]
[BlackTeam "BRA"]
[WhiteClock "0:00:18"]
[BlackClock "0:00:00"]

1. Nf3 d5 2. b4 c6 3. Bb2 a5 4. a3 axb4 5. axb4 Rxa1 6. Bxa1 Na6 7. b5 cxb5 8. e3 Nc7 9. Nc3 Bd7 10. Qb1 e6 11. Nxb5 Nxb5 12. Bxb5 Bc6 13. Ne5 Qc7 14. Bxc6+ bxc6 15. Qa2 Ne7 16. O-O f6 17. Qa8+ Qc8 18. Qxc8+ Nxc8 19. Nxc6 Kd7 20. Nd4 e5 21. Nf3 Nb6 22. Rb1 Kc6 23. Bc3 Bd6 24. Kf1 g5 25. Ke2 h5 26. d3 h4 27. Nd2 Na4 28. Rb3 h3 29. g3 g4 30. e4 dxe4 31. Nxe4 Be7 32. Bb4 Bd8 33. Ra3 Nb6 34. c4 f5 35. Nc3 Re8 36. Ra5 Bc7 37. Rc5+ Kb7 38. Rb5 Kc6 39. Ba5 e4 40. Bxb6 Bxb6 41. Rxf5 exd3+ 42. Kxd3 Rd8+ 43. Nd5 Bc5 44. Rf6+ Kb7 45. Rf4 Ra8 46. Rxg4 Bxf2 47. Rh4 Ra2 48. Rxh3 Bg1 49. Rh7+ Kc6 50. h4 Rg2 51. Rg7 Bf2 52. Rg6+ Kc5 53. Nf6 Kb4 54. Ne4 Be1 55. h5 Rh2 56. g4 Rh4 57. Kd4 Rh1 58. Rb6+ Ka5 59. c5 Bb4 60. Rg6 Rd1+ 61. Ke5 Re1 62. Kf5 Rf1+ 63. Ke5 Re1 64. Kd5 Rd1+ 65. Kc6 Re1 66. Re6 Rh1 67. h6 1-0

[Event "November 21 Early 2023"]
[Site "https://www.chess.com"]
[Date "2023.11.21"]
[Round "4"]
[White "Fiedorek, Michal"]
[Black "Aradhya, Garg"]
[Result "0-1"]
[Board "112"]
[TimeControl "180+1"]
[WhiteFideId "1199528"]
[BlackFideId "25006746"]
[WhiteElo "2135"]
[BlackElo "2323"]
[WhiteTeam "POL"]
[BlackTeam "IND"]
[WhiteClock "0:01:23"]
[BlackClock "0:01:50"]

1. e4 e5 2. Nf3 Nc6 3. Bb5 a6 4. Ba4 Nf6 5. O-O b5 6. Bb3 Bc5 7. c3 d6 8. a4 Bb7 9. d4 Bb6 10. Re1 O-O 11. h3 Ne7 12. Bc2 Ng6 13. Nbd2 Re8 14. a5 Ba7 15. b3 d5 16. exd5 exd4 17. Rxe8+ Qxe8 18. Nxd4 Nxd5 19. Bb2 b4 20. cxb4 Nxb4 21. Bf5 Rd8 22. N2f3 Bxf3 23. gxf3 Bxd4 24. Bxd4 c5 0-1

[Event "November 21 Early 2023"]
[Site "https://www.chess.com"]
[Date "2023.11.21"]
[Round "4"]
[White "Jakubowski, Krzysztof"]
[Black "vishwa_vijeta"]
[Result "1-0"]
[Board "113"]
[TimeControl "180+1"]
[WhiteFideId "1112848"]
[WhiteElo "2369"]
[BlackElo "2529"]
[WhiteTeam "POL"]
[WhiteClock "0:00:06"]
[BlackClock "0:00:00"]

1. e4 c5 2. Nf3 d6 3. d4 cxd4 4. Nxd4 Nf6 5. Nc3 g6 6. Be3 Bg7 7. f3 O-O 8. Bc4 Nc6 9. Bb3 Bd7 10. h4 h5 11. Qe2 Rc8 12. O-O-O Qa5 13. Kb1 Ne5 14. Nd5 Nxd5 15. exd5 b5 16. g4 hxg4 17. h5 gxf3 18. Qf2 Bg4 19. h6 Bf6 20. h7+ Kh8 21. Qg3 Bd7 22. Nxf3 Nc4 23. Bd4 Bf5 24. Qf4 Qc7 25. Rh2 a5 26. Bxf6+ exf6 27. Nd4 a4 28. Nxf5 axb3 29. cxb3 Ne5 30. Nd4 Qe7 31. Nxb5 Nd3 32. Qd2 Ne5 33. a4 f5 34. Qb4 Nf3 35. Rf2 Ng5 36. Qxd6 Qxd6 37. Nxd6 Rcd8 38. Nb7 Rd7 39. Nc5 Rd6 40. b4 Rfd8 41. a5 Rxd5 42. Rxd5 Rxd5 43. a6 Rd8 44. b5 Ne4 45. Nxe4 fxe4 46. Rxf7 Re8 47. Kc1 e3 48. Kd1 g5 49. Ke2 g4 50. Rf4 g3 51. Rg4 Rb8 52. a7 1-0